[Event "*** Titled Tuesday 3|2 Blitz"]
[Site "Chess.com"]
[Date "2015.10.06"]
[Round "3"]
[White "pKiLz5Rn9b"]
[Black "Aygehovit1992"]
[Result "1-0"]
[WhiteElo "2401"]
[BlackElo "2452"]
[TimeControl "180+2"]
[EndTime "11:38:38 PDT"]
[Termination "pKiLz5Rn9b won by resignation"]

1. e4 c5 2. c3 d5 3. exd5 Qxd5 4. d4 Nf6 5. Nf3 Bg4 6. Be2 e6 7. h3 Bh5 8. Be3 cxd4 9. cxd4 Bb4+ 10. Nc3 Nc6 11.
O-O Bxc3 12. bxc3 O-O 13. Rb1 b6 14. a4 Qd6 15. Qd2 Rac8 16. c4 Rfd8 17. Rfd1 Bxf3 18. Bxf3 Na5 19. c5 Qe7 20. Qb4 Nc6 21. Qb5 Nd5 22. Rbc1 Nxe3 23. fxe3 Na5 24. cxb6 axb6 25. Qxb6 Nc4 26.
Qb3 Nd2 27. Qb7 Nxf3+ 28. Qxf3 h6 29. a5 Rxc1 30. Rxc1 Qa3 31. Rc7 Rf8 32. Rc5 Rb8 33. Qe4 g6 34. Qe5 Rf8 35. Rc7 h5 36. h4 Qa1+ 37.
Kh2 Qe1 38. Qg5 Kg7 39. a6 Qb4 40. a7 Qd6+ 41. Qe5+ Qxe5+ 42. dxe5 g5 43. hxg5 Kg6 44.
Kg3 Kxg5 45. Rxf7 Ra8 46. e4 Kg6 47. Re7 Kg5 48. Kf3 Rf8+ 49. Ke3 Ra8 50. Kd4 Kf4 51.
Rf7+ Kg5 52. Rg7+ Kh4 53. g3+ Kh3 54. Kc5 Rxa7 55. Rxa7 Kxg3 56. Rh7 Kf4 57. Kd6 1-0

[Event "*** Titled Tuesday 3|2 Blitz"]
[Site "Chess.com"]
[Date "2015.10.06"]
[Round "3"]
[White "GeorgMeier"]
[Black "facu57"]
[Result "1-0"]
[WhiteElo "2614"]
[BlackElo "2485"]
[TimeControl "180+2"]
[EndTime "11:38:42 PDT"]
[Termination "GeorgMeier won by resignation"]

1. Nf3 d5 2. g3 c6 3. Bg2 g6 4. d4 Bg7 5. O-O Nh6 6. Nbd2 O-O 7. e4 dxe4 8. Nxe4 Nf5 9. c3 Be6 10. Bf4 Na6 11. Qe2 h6 12. Ne5 Nd6 13. Nd2 Qc8 14.
Rfe1 Bh3 15. Bh1 Re8 16. a4 c5 17. Be3 cxd4 18. Bxd4 Nf5 19. Ndf3 Nxd4 20. Nxd4 Nc5 21. a5 a6 22. Qc4 e6 23. b4 Bxe5 24. Rxe5 Nd7 25. Qxc8 Raxc8 26. Re3 Rc7 27. b5 Nc5 28. b6 Rd7 29. f4 Red8 30. Bf3 h5 31. Kf2 Bg4 32.
Bg2 Bf5 33. Ke2 Bg4+ 34. Kf2 Bf5 35. h3 Bd3 36. Re5 Rc8 37. g4 hxg4 38. hxg4 Bc4 39. Kg3 Nb3 40. Nxb3 Bxb3 41. Re3 Rc5 42. g5 Kf8 43. Ra3 Bd5 44. Re5 Rc4 45. Bf1 Rc5 46.
c4 Rxc4 47. Bxc4 Bxc4 48. Rc5 Bd5 49. Rc7 Rd8 50. Rac3 Kg7 51. Kf2 Be4 52. Ke3 Bd5 53. Re7 Rf8 54. Rcc7 Bc6 55. Kd4 Rd8+ 56. Kc3 Rf8 57.
Kc4 Bg2 58. Kc5 Be4 59. Rxe6 Bg2 60. Ree7 Bf3 61. Rxb7 Bxb7 62. Rxb7 Re8 63. Rd7 Re1 64. b7 Rd1 65. Rxd1 1-0

[Event "*** Titled Tuesday 3|2 Blitz"]
[Site "Chess.com"]
[Date "2015.10.06"]
[Round "3"]
[White "Goala"]
[Black "dpopadic"]
[Result "1-0"]
[WhiteElo "2159"]
[BlackElo "2222"]
[TimeControl "180+2"]
[EndTime "11:38:45 PDT"]
[Termination "Goala won by resignation"]

1. d4 Nf6 2. c4 g6 3. Nc3 Bg7 4. e4 d6 5. h3 O-O 6. Bg5 c5 7.
d5 e6 8. Bd3 h6 9. Be3 Kh7 10.
Nf3 a6 11. a4 Nbd7 12. O-O e5 13. a5 Nh5 14. Be2 Rb8 15. Ne1 Nf4 16. Bxf4 exf4 17. Nd3 g5 18. Bg4 Ne5 19. Nxe5 Bxe5 20. Bxc8 Qxc8 21.
Na4 f5 22. exf5 Qxf5 23. Qb1 f3 24. g3 h5 25. Nb6 Rbd8 26. Re1 Kg7 27. Qxf5 Rxf5 28.
Rab1 h4 29. g4 Rf4 30. b3 Rd4 31. Re3 Rf8 32. Nd7 Re8 33. Rbe1 Rd2 34. Kf1 Ra2 35. Rxf3 Rxa5 36. Rf5 Kg6 37. Nxe5+ dxe5 38. Rexe5 Rxe5 39.
Rxe5 Ra1+ 40. Kg2 b5 41. d6 Rd1 42. cxb5 axb5 43. Rxc5 Rxd6 44. Rxb5 Rd3 45. Rb6+ Kg7 46.
Rb7+ Kg6 47. b4 Rb3 48. Rb6+ Kg7 49. Rb7+ Kg6 50. b5 Kh6 51. Rb6+ Kg7 52. Rb7+ Kg6 53. b6 Kh6 54. Rb8 Kg7 55. b7 Kh7 56. Kf1 Rb2 57. Ke1 Kg7 58. Kd1 Kh7 59. Kc1 Rb5 60. Kc2 Kg7 61. Kc3 Rb1 62. Kd4 Kh7 63. Kd5 Rd1+ 64. Ke6 Rb1 65. Re8 Rxb7 66. Re7+ Rxe7+ 67. Kxe7 Kg6 68. Ke6 Kg7 69. Kf5 1-0

[Event "*** Titled Tuesday 3|2 Blitz"]
[Site "Chess.com"]
[Date "2015.10.06"]
[Round "3"]
[White "Er_is_geen_hoop_meer"]
[Black "BakaPG"]
[Result "1-0"]
[WhiteElo "2349"]
[BlackElo "2504"]
[TimeControl "180+2"]
[EndTime "11:38:51 PDT"]
[Termination "Er_is_geen_hoop_meer won by resignation"]

1. g3 e5 2. Bg2 Nc6 3. d3 Bc5 4. Nf3 d6 5. O-O a6 6. c3 Ba7 7.
d4 e4 8. Nfd2 d5 9. f3 f5 10. e3 Nf6 11. fxe4 fxe4 12. c4 Be6 13. Nc3 Qd7 14. cxd5 Nxd5 15. Ndxe4 O-O-O 16. Bd2 Kb8 17. Na4 Qe7 18. Nec5 Bc8 19. Qb3 Nb6 20. Nxa6+ Ka8 21. Rf7 Be6 22. Rxe7 Bxb3 23. axb3 Nxe7 24. N6c5 Kb8 25.
Nxb7 Rde8 26. Nac5 c6 27. Nd6 Ref8 28. Ra6 Nbc8 29.
Nd7+ Kc7 30. Nxc8 Nxc8 31. Nxf8 Rxf8 32. Rxc6+ Kb8 33. Rc4 Nd6 34. Rb4+ Kc7 35. Ra4 Bb6 36. Ba5 g5 37. Bxb6+ Kxb6 38. e4 g4 39. e5 Nf5 40.
Rb4+ Ka5 41. Ra4+ Kb5 42. Bf1+ Kc6 43. Bc4 Nxd4 44. Ra6+ Kc5 45. Rf6 Re8 46. e6 Nf3+ 47. Kf2 h5 48. Rf5+ Kd4 49. Rd5+ Ke4 50. Rxh5 Rd8 51. Bd5+ Kd4 52. Bxf3 Rf8 53. e7 Rxf3+ 54. Kg2 Re3 55. Rg5 Re2+ 56. Kf1 Rxe7 57. Rxg4+ Ke3 58. Rf4 Rd7 59. Rf2 Rd3 60. Kg2 Rd1 61. g4 Rd4 62. h3 Rd1 63. Rf3+ Ke4 64. Rf5 Rd2+ 65. Kg3 Rxb2 66. Rf4+ Ke5 67. Rf3 Ke4 68. g5 Rb1 69. Rf4+ Ke5 70. Rf8 Rxb3+ 71. Kg4 Rb4+ 72. Kh5 Ke6 73. g6 Rb3 74. h4 Rg3 75. Kh6 Rg4 76.
h5 Ke7 77. g7 1-0

[Event "*** Titled Tuesday 3|2 Blitz"]
[Site "Chess.com"]
[Date "2015.10.06"]
[Round "3"]
[White "Ar4uha"]
[Black "MattyDPerrine"]
[Result "1/2-1/2"]
[WhiteElo "2396"]
[BlackElo "2263"]
[TimeControl "180+2"]
[EndTime "11:39:24 PDT"]
[Termination "Game drawn by agreement"]

1. e4 c5 2. Nf3 d6 3. Bb5+ Bd7 4. Bxd7+ Qxd7 5. O-O Nc6 6. c3 Nf6 7. d4 cxd4 8. cxd4 Nxe4 9. d5 Nd8 10. Re1 Nf6 11. Bg5 e6 12. Nc3 Be7 13. dxe6 fxe6 14. Nd4 e5 15. Nf3 Ne6 16. Qb3 Nc5 17. Qc4 d5 18.
Qe2 e4 19. Nd4 O-O 20. Rad1 Rae8 21. Qb5 Rd8 22. Qxd7 Rxd7 23. Re2 h6 24. Bh4 Kf7 25.
Nc2 Nd3 26. Ne1 Nf4 27. Red2 Bb4 28. Bg3 Ne6 29. Nc2 Bxc3 30. bxc3 Rc8 31. Be5 Rcd8 32. Ne3 Nc7 33. h3 Ke6 34. Bd4 b6 35. a4 Nfe8 36. g4 g6 37. Kg2 Kf7 38. Kg3 Ne6 39. Be5 N8c7 40. h4 Na6 41. Nxd5 Nac5 42. c4 Nxa4 43. f3 exf3 44. Rf2 Nac5 45. Rxf3+ Ke8 46. Nf6+ Ke7 47. Nxd7 Rxd7 48. Bf6+ Ke8 49. Rxd7 Kxd7 50. Re3 a5 51. Bb2 a4 52. h5 gxh5 53. gxh5 Nb3 54. Re5 Nec5 55.
Ba3 Ne6 56. Kg4 Nbc5 57. Bc1 Kd6 58. Rd5+ Kc6 59. Bxh6 a3 60. Rd3 Nxd3 61. Bd2 Ne5+ 62. Kf5 Nxc4 63. Bc3 Kd7 64. h6 Nf8 65. Kf6 Ke8 66.
Kg7 b5 67. Kg8 b4 68. Bxb4 a2 69. Bc3 Nd6 70. Bg7 Nf5 71. Bc3 Nxh6+ 72. Kg7 Nf5+ 73. Kf6 Nd6 74. Ba1 Nc4 75. Kf5 Na3 76. Ke4 Nc2 77.
Bb2 Nd7 78. Kd3 Nb4+ 79. Kc4 Nc6 80. Kb3 Nc5+ 81. Kxa2 Kd7 82. Ba3 Ne4 1/2-1/2

[Event "*** Titled Tuesday 3|2 Blitz"]
[Site "Chess.com"]
[Date "2015.10.06"]
[Round "3"]
[White "HansCoolNiemann"]
[Black "Trendle"]
[Result "0-1"]
[WhiteElo "2061"]
[BlackElo "2345"]
[TimeControl "180+2"]
[EndTime "11:40:22 PDT"]
[Termination "Trendle won by checkmate"]

1. d4 f5 2. e4 fxe4 3. Nc3 Nf6 4. Bg5 Nc6 5. d5 Ne5 6. Qd4 Nf7 7. Bxf6 exf6 8. Nxe4 f5 9. Ng3 g6 10. O-O-O Bh6+ 11. f4 O-O 12. Nf3 Bg7 13. Qd2 Qf6 14.
c3 d6 15. Bd3 c5 16. dxc6 bxc6 17. Bc4 d5 18. Bb3 a5 19. Ba4 Rb8 20. Rhe1 Bd7 21. Qf2 Bh6 22. Qa7 Bxf4+ 23. Kc2 Rfd8 24. Ne2 Bh6 25.
Ned4 Qd6 26. Nb3 Ra8 27. Qc5 Bf8 28. Qxd6 Bxd6 29. Nfd4 Rac8 30. Nxa5 c5 31. Bxd7 Rxd7 32. Nb5 Bxh2 33. Nb3 Ne5 34. a4 Bf4 35. Re2 Ng4 36. Kb1 Kf7 37. Rde1 Bg3 38. Rh1 h5 39. Rd1 Bf4 40. Na1 Ne3 41. Rde1 d4 42. cxd4 cxd4 43.
Nb3 d3 44. Rxe3 Bxe3 45. Rxe3 d2 46. Nxd2 Rxd2 47. a5 Rc5 48. Rb3 Rdd5 49. Nc3 Rxa5 50. Nxd5 Rxd5 51. Rf3 Rd2 52. g3 Kf6 53. Ka2 Kg5 54. Ka3 Kg4 55. Rc3 Rg2 56. b4 Rg1 57. b5 Ra1+ 58. Kb4 g5 59. b6 Ra8 60. Kb5 f4 61. gxf4 Kxf4 62. Rc4+ Kf3 63. Rc3+ Kg4 64. Rc5 h4 65. Rc4+ Kh3 66. Kc6 g4 67. b7 Rf8 68. Kb6 Rb8 69. Ka7 Rxb7+ 70. Kxb7 g3 71. Rc3 Kh2 72. Kc6 g2 73. Rc2 Kh1 74. Rc4 h3 75. Rc1+ g1=Q 76. Rxg1+ Kxg1 77. Kd5 h2 78. Ke4 h1=Q+ 79. Kf5 Qh4 80. Ke6 Kf2 81.
Kd5 Ke3 82. Ke6 Qg5 83. Kd6 Kd4 84. Ke6 Qg6+ 85. Ke7 Kd5 86. Kd7 Qf7+ 87. Kd8 Kc6 88. Kc8 Qc7# 0-1

[Event "*** Titled Tuesday 3|2 Blitz"]
[Site "Chess.com"]
[Date "2015.10.06"]
[Round "3"]
[White "dretch"]
[Black "zmaj23"]
[Result "1/2-1/2"]
[WhiteElo "2539"]
[BlackElo "2321"]
[TimeControl "180+2"]
[EndTime "11:40:52 PDT"]
[Termination "Game drawn - insufficient material"]

1. d4 Nf6 2. c4 e6 3. Nc3 Bb4 4. Qc2 Nc6 5. Nf3 d6 6. Bd2 O-O 7. a3 Bxc3 8. Bxc3 Qe7 9. b4 e5 10. d5 Nb8 11. e4 Nbd7 12. Be2 Re8 13. O-O Nf8 14. Rfe1 Ng6 15. Bf1 Bg4 16. Nd2 Nf4 17. Re3 Rf8 18. c5 N6h5 19. Rc1 Ng6 20. f3 Bd7 21. g3 f5 22. exf5 Bxf5 23. Ne4 Nf6 24. Nxf6+ Rxf6 25. Qd2 Raf8 26. f4 Qf7 27. fxe5 dxe5 28.
Bg2 Bg4 29. d6 Kh8 30. dxc7 Qxc7 31. Rf1 Rxf1+ 32. Bxf1 Qf7 33. Bg2 Qf5 34. Rd3 h6 35. Bb2 Bh3 36. Rf3 Qb1+ 37. Qc1 Qxc1+ 38. Bxc1 Bxg2 39.
Kxg2 Kg8 40. Rd3 e4 41. Rd6 Ne5 42. Re6 Nd3 43. Be3 Ne1+ 44. Kh3 Nc2 45. Rxe4 Nxa3 46. c6 bxc6 47. Bxa7 Nb5 48. Bc5 Rd8 49. Re6 Nd4 50. Re7 Nf5 51. Rc7 Nd4 52. Kg4 Re8 53. Kh3 Rd8 54. g4 Kh8 55. Kg2 Kg8 56. h4 Kh8 57. h5 Kg8 58. Kf2 Nc2 59. Rxc6 Rb8 60. Rc7 Nxb4 61. Bd4 Rf8+ 62. Ke2 Rf7 63. Rc8+ Kh7 64. Rc5 Na6 65. Rc6 Nb8 66. Rc8 Nd7 67. Rc6 Nf6 68.
Bxf6 gxf6 69. Rc5 Kg7 70. Kf3 Re7 71. Kf4 Rd7 72. Kf5 Re7 73. Rd5 Rc7 74. Ke6 Rb7 75.
Rc5 Ra7 76. Rc6 Rb7 77. Ra6 Rc7 78. Kd6 Rf7 79. Ra4 f5 80. gxf5 Rxf5 81. Rg4+ Kf6 82.
Rg6+ Kf7 83. Rxh6 Rf6+ 84. Rxf6+ Kxf6 85. h6 Kg6 86. h7 Kg7 87. h8=N 1/2-1/2

[Event "*** Titled Tuesday 3|2 Blitz"]
[Site "Chess.com"]
[Date "2015.10.06"]
[Round "3"]
[White "promen1999"]
[Black "armago"]
[Result "1/2-1/2"]
[WhiteElo "2317"]
[BlackElo "2052"]
[TimeControl "180+2"]
[EndTime "11:41:26 PDT"]
[Termination "Game drawn by stalemate"]

1. d4 Nf6 2. c4 g6 3. Nc3 Bg7 4. e4 d6 5. Nf3 O-O 6. Be2 Na6 7. O-O c6 8. Bg5 h6 9. Bf4 e5 10. dxe5 Nh5 11. Be3 dxe5 12. c5 Qe7 13. Bxa6 bxa6 14. Qd6 Qe8 15. h3 Be6 16. Rfd1 Rb8 17. b3 Rd8 18. Qc7 Rxd1+ 19. Rxd1 f5 20. Nxe5 f4 21. Bd4 Qd8 22. Qxd8 Rxd8 23. Nxc6 Re8 24.
Bxg7 Kxg7 25. Nxa7 f3 26. gxf3 Nf4 27. Nd5 Nxh3+ 28.
Kg2 Ng5 29. c6 Rf8 30. c7 Bh3+ 31. Kh1 Be6 32. Ne7 Rxf3 33. c8=Q Bxc8 34. Naxc8 Nxe4 35. Re1 Nxf2+ 36. Kg2 Rf7 37. Rf1 Nd3 38. Rxf7+ Kxf7 39. Nd5 g5 40. Nce7 Ke6 41. Kf3 Nc1 42. Ke4 Nxa2 43. Nf5 h5 44. Ng7+ Kd6 45. Nxh5 a5 46. Ne3 Nc1 47. Nc4+ Kc5 48. Nxa5 Kb5 49. Nc4 Nxb3 50.
Nd6+ Kc6 51. Nf7 Nc5+ 52. Kf5 g4 53. Kxg4 Ne4 54. Ne5+ Kd5 55. Nf3 Nf6+ 56. Nxf6+ Ke6 57. Kg5 Kd6 58. Kf5 Kc5 59. Ne4+ Kd5 60. Nfd2 Kd4 61. Kf4 Kd5 62. Nf3 Ke6 63. Nc3 Kd6 64.
Ke4 Kc5 65. Ne5 Kd6 66. Nb5+ Kc5 67. Nd4 Kd6 68. Nc2 Kc5 69. Nd3+ Kc4 70. Ne3+ Kc3 71.
Nf4 Kb4 72. Kd4 Kb5 73. Kd5 Kb4 74. Ne2 Kb5 75. Nc2 Kb6 76. Ned4 Kc7 77. Ne3 Kd7 78. Ng4 Kc7 79. Nf6 Kb6 80. Kc4 Kc7 81. Kc5 Kd8 82. Kd6 Kc8 83. Kc6 Kd8 84. Nf5 Kc8 85. Ne7+ Kd8 86. Ned5 Kc8 87. Ne4 Kd8 88. Kd6 Ke8 89. Ke6 Kd8 90. Nc5 Kc8 91. Kd6 Kd8 92. Nf6 Kc8 93. Ne6 Kb7 94. Kc5 Kc8 95. Kb6 Kb8 96.
Nd7+ Kc8 97. Kc6 1/2-1/2

[Event "*** Titled Tuesday 3|2 Blitz"]
[Site "Chess.com"]
[Date "2015.10.06"]
[Round "3"]
[White "Haridaskesavan"]
[Black "Rating-Schmating"]
[Result "1-0"]
[WhiteElo "2049"]
[BlackElo "1978"]
[TimeControl "180+2"]
[EndTime "11:41:32 PDT"]
[Termination "Haridaskesavan won by checkmate"]

1. e4 e6 2. d3 d5 3. Nd2 Nf6 4.
Ngf3 Bc5 5. e5 Nfd7 6. g3 b6 7.
Bg2 Bb7 8. O-O O-O 9. Re1 Be7 10. Nf1 c5 11. h4 Nc6 12. Bf4 Re8 13. h5 f6 14.
exf6 Bxf6 15. c3 e5 16. Bd2 Ba6 17. Bc1 d4 18. c4 Rc8 19. N1h2 Ne7 20. Ng4 Nf5 21.
Nxf6+ Qxf6 22. Bg5 Qf7 23. g4 Nd6 24. Qe2 e4 25.
Nd2 exd3 26. Qxd3 Bxc4 27. Nxc4 Nxc4 28. Qg3 Rxe1+ 29. Rxe1 h6 30. Bc1 Nf6 31. b3 Na5 32. Qd6 Re8 33. Rf1 Qe7 34. Qg3 Ne4 35. Qf4 Ng5 36. Bd5+ Kh8 37. Qf5 Rf8 38. Bxg5 Rxf5 39. Bxe7 Rxd5 40. f4 c4 41. bxc4 Nxc4 42. g5 hxg5 43.
fxg5 g6 44. Rf8+ Kg7 45. h6+ Kh7 46. Bf6 Rxg5+ 47. Bxg5 d3 48. Bf6 g5 49. Bxg5 Ne5 50. Bd2 Nc4 51. Bc3 Kxh6 52. Rd8 Kg6 53. Rxd3 Kf5 54.
Rd7 a5 55. Bd4 Ke4 56. Bf2 b5 57. Rb7 Nd6 58. Rb6 Kd5 59. Bg3 Ne4 60. Rxb5+ Kc4 61.
Rxa5 Nxg3 62. Ra8 Nf5 63. Kf2 Nd6 64. Ke3 Nf5+ 65. Kf4 Nd6 66. Ke5 Nb7 67. Ke6 Kb5 68. Kd5 Kb6 69. Ra3 Nd8 70. Rb3+ Ka7 71. Kd6 Nb7+ 72. Kc7 Na5 73. Rb5 Ka6 74. Rh5 Nc4 75.
a4 Na5 76. Rc5 Nb7 77. Rb5 Na5 78. Kd6 Nb7+ 79. Kc6 Na5+ 80. Kc7 Nc4 81. Rc5 Na5 82. Rc1 Nb7 83. Kc6 Na5+ 84. Kd5 Nb7 85. Rb1 Na5 86. Kc5 Nb7+ 87. Kb4 Na5 88. Rh1 Nc6+ 89. Kc5 Na5 90. Rh6+ Ka7 91. Kb5 Nb7 92. Rh7 Ka8 93. Kb6 Nd6 94. Rh8+ Nc8+ 95. Rxc8# 1-0

[Event "*** Titled Tuesday 3|2 Blitz"]
[Site "Chess.com"]
[Date "2015.10.06"]
[Round "3"]
[White "EltajSafarli"]
[Black "E-Shaposhnikov"]
[Result "0-1"]
[WhiteElo "2674"]
[BlackElo "2573"]
[TimeControl "180+2"]
[EndTime "11:41:50 PDT"]
[Termination "E-Shaposhnikov won by resignation"]

1. e4 c5 2. Nf3 e6 3. d4 cxd4 4.
Nxd4 a6 5. Nc3 Qc7 6. g3 Bb4 7.
Ne2 Nf6 8. Bg2 Nc6 9. O-O O-O 10. h3 Rd8 11. a3 Be7 12. Kh1 d5 13. exd5 exd5 14.
Bf4 Qb6 15. Na4 Qa5 16. b3 d4 17. Qd2 Qh5 18. Bc7 Bxh3 19. Nf4 Bxg2+ 20. Kxg2 Qg5 21.
Bxd8 Rxd8 22. Rad1 Bd6 23. Nb6 Ne4 24. Qd3 Nc3 25. Nh3 Qc5 26. Nc4 Nxd1 27. Rxd1 b5 28. Nd2 Qd5+ 29. Qe4 Qxe4+ 30. Nxe4 Bxa3 31. Nf4 Bf8 32. Nd3 a5 33. Ra1 Ra8 34. Nec5 Rc8 35. Nb7 Rc7 36.
Nxa5 Ra7 37. Nxc6 Rxa1 38. Nxd4 Ra2 39. Kf3 g6 40. Nc1 Ra1 41. Nd3 Ra2 42. Nc1 Ra5 43.
Nd3 Bg7 44. Nc6 Ra6 45. Ndb4 Ra1 46. Ne7+ Kf8 47. Ned5 h5 48. Nc7 Bc3 49. Nbd5 b4 50. Nb5 Rc1 51. Ne3 Kg7 52. Ke2 g5 53.
Kd3 Kg6 54. Ke2 f5 55. Kf3 g4+ 56. Ke2 Kg5 57. Nc7 f4 58. Ne6+ Kh6 59. Nxf4 Re1+ 60.
Kd3 Ra1 61. Nfd5 Be1 62. Ke2 Bc3 63. Nxc3 bxc3 64. Kd3 Re1 65. b4 Kg5 66. b5 Rb1 67. Kc4 Rb2 68. Kc5 Kf6 69. b6 Ke5 70. Kc6 Ke4 71. b7 Kf3 72. Nd1 Rb4 73. Kc7 Ke2 74. Nxc3+ Kxf2 75. Ne4+ Kf3 76. c3 Rb2 77. Ng5+ Kxg3 78.
c4 h4 79. Ne4+ Kf4 80. Nd6 Rxb7+ 81. Kxb7 h3 82. c5 h2 83. c6 h1=Q 84. Kb6 Qg1+ 85. Kb7 Qb1+ 86. Ka7 Qa2+ 87. Kb6 Qf2+ 88. Kb7 g3 89. c7 Qc5 90. c8=Q Qxc8+ 91. Kxc8 g2 92. Kd7 g1=Q 93. Kc6 Qg6 94. Kd5 Qd3+ 95. Ke6 Qd4 96. Nf7 Qb6+ 97. Ke7 Qc6 98. Nd8 Qc7+ 99. Ke8 Kf5 100.
Nf7 Kf6 0-1

[Event "*** Titled Tuesday 3|2 Blitz"]
[Site "Chess.com"]
[Date "2015.10.06"]
[Round "4"]
[White "FMCouch"]
[Black "dretch"]
[Result "0-1"]
[WhiteElo "2040"]
[BlackElo "2542"]
[TimeControl "180+2"]
[EndTime "11:45:50 PDT"]
[Termination "dretch won by resignation"]

1. e4 e6 2. Nf3 d5 3. Nc3 Nf6 4.
e5 Nfd7 5. d4 c5 6. dxc5 Nc6 7.
Bf4 Bxc5 8. Bd3 f6 9. exf6 Nxf6 10. O-O O-O 11. Bg3 Bd7 12. Qe2 Nh5 13. Bh4 Nf4 14. Qd2 Qe8 15. Bg5 Nh3+ 16. gxh3 Rxf3 17. Be2 Nd4 18.
Kh1 Nxe2 19. Qxe2 Rxh3 20. Rg1 Qh5 21. Qxh5 Rxh5 22. Raf1 Rf8 23. Rg2 d4 24. Ne4 Bc6 25. f3 Bxe4 0-1

[Event "*** Titled Tuesday 3|2 Blitz"]
[Site "Chess.com"]
[Date "2015.10.06"]
[Round "4"]
[White "Konavets"]
[Black "kleinebeer98"]
[Result "1-0"]
[WhiteElo "2498"]
[BlackElo "2301"]
[TimeControl "180+2"]
[EndTime "11:46:18 PDT"]
[Termination "Konavets won by checkmate"]

1. b4 Nf6 2. Bb2 e6 3. a3 c5 4. e3 cxb4 5. axb4 Bxb4 6. Nf3 O-O 7. g4 Nxg4 8. Rg1 Nf6 9. Bd3 h6 10. Nh4 Kh8 11. Rxg7 Be7 12. Rh7+ Kg8 13. Qg4+ Nxg4 14. Rh8# 1-0

[Event "*** Titled Tuesday 3|2 Blitz"]
[Site "Chess.com"]
[Date "2015.10.06"]
[Round "4"]
[White "Jahonas"]
[Black "IMRosen"]
[Result "0-1"]
[WhiteElo "2062"]
[BlackElo "2220"]
[TimeControl "180+2"]
[EndTime "11:46:42 PDT"]
[Termination "IMRosen won by resignation"]

1. d4 d5 2. Nf3 Nf6 3. g3 e6 4.
Bg2 b5 5. O-O Be7 6. a4 O-O 7. axb5 a6 8. Nc3 Nbd7 9. Bf4 Nb6 10. Qd3 a5 11. Ne5 Bb7 12. b3 Qe8 13. Ra2 Bb4 14. Rfa1 Bxc3 15. Qxc3 Qxb5 16. Qxc7 Ra7 17.
Nc6 Qxc6 18. Rxa5 Rxa5 19. Rxa5 Qxc7 20. Bxc7 Nbd7 21. Ra7 Bc6 22. c4 Rc8 23. b4 Ne8 24. b5 Rxc7 25. Rxc7 Nxc7 26. bxc6 Nb8 27. e4 dxc4 28.
Kf1 Nxc6 0-1

[Event "*** Titled Tuesday 3|2 Blitz"]
[Site "Chess.com"]
[Date "2015.10.06"]
[Round "4"]
[White "Zvonokchess"]
[Black "HustleStandard"]
[Result "1-0"]
[WhiteElo "2553"]
[BlackElo "2349"]
[TimeControl "180+2"]
[EndTime "11:46:57 PDT"]
[Termination "Zvonokchess won by resignation"]

1. Nf3 g6 2. g3 Bg7 3. Bg2 d5 4. d4 e6 5. O-O Ne7 6. Nbd2 O-O 7.
e4 b6 8. c3 c5 9. exd5 exd5 10. dxc5 bxc5 11. Nb3 Ba6 12. Re1 Nd7 13. Bg5 f6 14.
Bf4 Re8 15. Bd6 Ne5 16. Bxe7 Rxe7 17. Nxe5 fxe5 18. Qxd5+ 1-0

[Event "*** Titled Tuesday 3|2 Blitz"]
[Site "Chess.com"]
[Date "2015.10.06"]
[Round "4"]
[White "gumersindo"]
[Black "alturas_pacificas"]
[Result "1-0"]
[WhiteElo "2149"]
[BlackElo "2102"]
[TimeControl "180+2"]
[EndTime "11:47:03 PDT"]
[Termination "gumersindo won by resignation"]

1. d4 d5 2. c4 c6 3. Nf3 Nf6 4. Nc3 e6 5. e3 Nbd7 6. Qc2 Bd6 7.
b3 b6 8. Bd3 Bb7 9. O-O c5 10.
cxd5 Nxd5 11. Ne4 Be7 12. dxc5 Nxc5 13. Nxc5 Bxc5 14. a3 O-O 15. b4 Be7 16. Bb2 Rc8 17.
Qe2 Bf6 18. Rfd1 Bxb2 19. Qxb2 Qf6 20. Qxf6 Nxf6 21. Ne5 Rfd8 22. f3 h6 23. e4 Nd7 24.
Nc4 Nf6 25. Bf1 Kf8 26. Nd6 Rb8 27. Nxb7 Rxd1 28. Rxd1 Rxb7 29. Rd8+ Ke7 30. Rc8 Kd7 31. Rc3 Rc7 32. Bb5+ Kd8 33. Rxc7 Kxc7 34. e5 Nd7 35. f4 Nb8 36. Kf2 f6 37. Ke3 a6 38. Bc4 Kd7 39.
g4 a5 40. bxa5 bxa5 41. Bb5+ Ke7 42. Kd4 g5 43. fxg5 fxg5 44. Kc5 Kf7 45. Kd6 Kg6 46. Kc7 1-0

[Event "*** Titled Tuesday 3|2 Blitz"]
[Site "Chess.com"]
[Date "2015.10.06"]
[Round "4"]
[White "BIG_Pirate"]
[Black "kikydu96"]
[Result "0-1"]
[WhiteElo "2261"]
[BlackElo "2281"]
[TimeControl "180+2"]
[EndTime "11:47:50 PDT"]
[Termination "kikydu96 won by resignation"]

1. e4 e5 2. Nf3 Nc6 3. Bb5 a6 4. Ba4 Nf6 5. O-O Be7 6. Re1 b5 7. Bb3 O-O 8. c3 d5 9. exd5 Nxd5 10. a4 b4 11. Nxe5 Nxe5 12. Rxe5 Nf6 13. h3 Bd6 14. Re1 Ng4 15. Qf3 Qh4 16. d4 Nxf2 17. Qxf2 Bh2+ 18.
Kf1 Bg3 19. Qe2 Bxh3 20. Be3 Bg4 21. Qd2 Rae8 22. Na3 bxa3 23. bxa3 Re6 24. Bf2 Qh1+ 25. Bg1 Rf6+ 0-1

[Event "*** Titled Tuesday 3|2 Blitz"]
[Site "Chess.com"]
[Date "2015.10.06"]
[Round "4"]
[White "ItalianMachine"]
[Black "VSERGUEI"]
[Result "1-0"]
[WhiteElo "2214"]
[BlackElo "2441"]
[TimeControl "180+2"]
[EndTime "11:48:01 PDT"]
[Termination "ItalianMachine won on time"]

1. e4 e6 2. d4 d5 3. f3 dxe4 4. fxe4 Qh4+ 5. Ke2 Qxe4+ 6. Kf2 Nf6 7. Nf3 Ng4+ 8. Kg1 c5 9. Nc3 Qg6 10. Bd3 f5 11.
Nb5 Na6 12. c3 Bd7 13. Bf4 Be7 14. h3 O-O 15. hxg4 1-0

[Event "*** Titled Tuesday 3|2 Blitz"]
[Site "Chess.com"]
[Date "2015.10.06"]
[Round "4"]
[White "Dlugy"]
[Black "promen1999"]
[Result "1-0"]
[WhiteElo "2560"]
[BlackElo "2307"]
[TimeControl "180+2"]
[EndTime "11:48:23 PDT"]
[Termination "Dlugy won by resignation"]

1. d4 d5 2. Bf4 Nf6 3. e3 c5 4.
dxc5 Nc6 5. Bb5 g6 6. Nf3 Bg7 7. O-O O-O 8. Bxc6 bxc6 9. Be5 Qa5 10. Qd4 Bh6 11. b4 Qd8 12. c4 Ba6 13. b5 cxb5 14. Bxf6 exf6 15. cxd5 f5 16. Nbd2 Re8 17. Rad1 b4 18.
Rfe1 Bg7 19. Qxb4 Qxd5 20. Nb3 Qc4 21. Qxc4 Bxc4 22. Rc1 Bd5 23. Red1 Red8 24. Nfd4 a5 25. a4 Rdb8 26. c6 Bxb3 27. Nxb3 Be5 28. Nd4 Rb4 29. c7 Rc8 30. Nc6 Rxc7 31. Nxb4 Rxc1 32. Rxc1 axb4 33.
a5 b3 34. a6 b2 35. Rb1 1-0

[Event "*** Titled Tuesday 3|2 Blitz"]
[Site "Chess.com"]
[Date "2015.10.06"]
[Round "4"]
[White "armago"]
[Black "EltajSafarli"]
[Result "0-1"]
[WhiteElo "2052"]
[BlackElo "2676"]
[TimeControl "180+2"]
[EndTime "11:48:26 PDT"]
[Termination "EltajSafarli won by resignation"]

1. d4 Nf6 2. c4 g6 3. Nc3 d5 4. cxd5 Nxd5 5. e4 Nxc3 6. bxc3 Bg7 7. Nf3 c5 8. Rb1 O-O 9. Be2 Nd7 10. O-O Nf6 11. Qc2 Nxe4 12. Rd1 Bf5 13. Bd3 Nf6 14. Bxf5 gxf5 15. Qxf5 Qd5 16. Qxd5 Nxd5 17. Rxb7 Nxc3 18. Re1 cxd4 19. Bd2 Nd5 20. Re4 Rfb8 21. Rxb8+ Rxb8 22. Kf1 Rb1+ 23. Ke2 Nc3+ 24. Bxc3 dxc3 25. Kd3 Rb2 26. Re2 Rb7 27. Kc2 e6 28. a3 Kf8 29. Kd3 Ke7 30. Re4 Rb2 31. Re2 Rb3 32. a4 Ra3 33.
Re4 Ra2 34. Rc4 Rxf2 35. Rc7+ Kd6 36. Rc4 Rxg2 37. Ne1 Rxh2 0-1

[Event "*** Titled Tuesday 3|2 Blitz"]
[Site "Chess.com"]
[Date "2015.10.06"]
[Round "4"]
[White "WilliamRDavis"]
[Black "ilmago"]
[Result "1/2-1/2"]
[WhiteElo "1873"]
[BlackElo "1849"]
[TimeControl "180+2"]
[EndTime "11:48:35 PDT"]
[Termination "Game drawn by repetition"]

1. d4 Nf6 2. Nf3 c5 3. e3 g6 4. dxc5 Qa5+ 5. Nbd2 Qxc5 6. a3 Bg7 7. b4 Qc7 8. Bb2 O-O 9. c4 d5 10.
Bd3 dxc4 11. Nxc4 Rd8 12. Qc2 Bg4 13. Nfe5 Be6 14. O-O Nc6 15. Nxc6 Qxc6 16. Na5 Qd7 17. Rfd1 Rac8 18. Qe2 b6 19. Ba6 Qc7 20. Rdc1 Qd7 21.
Bxc8 Rxc8 22. Rxc8+ Qxc8 23. Rc1 Qd7 24. Nc6 Bd5 25. Ne5 Qe6 26. f3 h5 27. e4 Bb7 28.
Qc4 Qd6 29. Qc7 Qd2 30. Qxe7 Qxb2 31. Qxf7+ Kh8 32. Nxg6+ Kh7 33. Nf8+ Kh8 34. Ng6+ Kh7 35. Nf8+ Kh8 36. Ng6+ 1/2-1/2

[Event "*** Titled Tuesday 3|2 Blitz"]
[Site "Chess.com"]
[Date "2015.10.06"]
[Round "4"]
[White "HubertKnott"]
[Black "Badouuu"]
[Result "0-1"]
[WhiteElo "2009"]
[BlackElo "1946"]
[TimeControl "180+2"]
[EndTime "11:48:51 PDT"]
[Termination "Badouuu won by resignation"]

1. d4 c5 2. d5 Nf6 3. c4 e6 4. Nc3 exd5 5. cxd5 d6 6. e4 g6 7. Nf3 Bg7 8. Be2 O-O 9. O-O a6 10. a4 Re8 11. Nd2 Nbd7 12. Qc2 Qc7 13. a5 b5 14. axb6 Nxb6 15. f3 Nh5 16. Nc4 Nxc4 17. Bxc4 f5 18. Bd2 f4 19. Ne2 Be5 20. Bc3 Qe7 21. Bxe5 Qxe5 22. Qc3 Qg5 23. Kh1 Qh4 24. Qe1 Ng3+ 25. Kg1 Nxe2+ 26. Qxe2 Re5 27. Qf2 Qf6 28. Ra2 Rg5 29.
Rfa1 Bh3 30. g3 fxg3 31. hxg3 Rf8 32. Ra3 a5 33. Bf1 Bxf1 34. Kxf1 Rh5 35. Kg2 Qg5 36.
Rxa5 Qh6 37. Kf1 Rh1+ 38. Ke2 Rh2 0-1